Map: Data-C

Players

Cognite

  • Race: Protoss Protoss
  • Spawn Location: 9:00

FoxeR - Winner!

  • Race: Terran Terran
  • Spawn Location: 3:00

Event: DreamHack SC2 Masters 2022 Atlanta (Offline)

VOD

Have the link to the VOD?

Description

Time

  • Played on: Nov. 18, 2022, 1:47 p.m.
  • Length: 19:00

All games in this series

Show
View Real Time Build Order
Export as new Build Order

Cognite Protoss 

Build Orders: 1 Gate Expand, Blink Stalkers 

Get SALT Encoding   

  12  0:00  Probe  
  13  0:13  Probe  
  14  0:17  Pylon  
  14  0:25  Probe (Chrono Boost)  
  15  0:37  Probe (Chrono Boost)  
  15  0:38  Gateway  
  16  0:45  Probe (Chrono Boost)  
  16  0:47  Assimilator  
  17  0:52  Probe  
  18  1:04  Probe  
  19  1:16  Probe  
  20  1:27  Cybernetics Core  
  20  1:29  Probe  
  21  1:36  Nexus  
  21  1:41  Probe  
  22  1:48  Pylon  
  22  1:53  Probe  
  23  1:56  Assimilator  
  23  2:03  Adept (Chrono Boost)  
  23  2:06  Probe  
  23  2:07  Warp Gate  
  26  2:18  Probe  
  27  2:29  Shield Battery  
  27  2:41  Gateway, Stalker (Chrono Boost)  
  27  2:46  Probe  
  30  2:52  Probe  
  30  2:53  Twilight Council  
  30  2:58  Probe  
  32  3:04  Probe  
  33  3:11  Probe (Chrono Boost)  
  34  3:16  Probe (Chrono Boost)  
  39  3:27  Probe (Chrono Boost)  
  39  3:28  Sentry, Probe (Chrono Boost)  
  39  3:32  Probe (Chrono Boost)  
  40  3:34  Probe  
  40  3:38  Blink (Chrono Boost)  
  41  3:42  Probe  
  41  3:46  Probe  
  43  3:52  Pylon  
  43  3:54  Probe  
  44  3:58  Probe  
  45  4:06  Probe  
  45  4:09  Nexus  
  46  4:10  Probe  
  46  4:12  Stalker  
  46  4:13  Stalker  
  51  4:19  Probe  
  52  4:26  Probe  
  52  4:32  Assimilator  
  52  4:33  Phoenix, Pylon  
  52  4:34  Robotics Facility  
  52  4:37  Probe  
  53  4:47  Gateway x2  
  53  4:48  Probe  
  54  4:53  Probe, Forge  
  54  4:57  Stalker x2  
  59  5:00  Probe  
  59  5:05  Probe  
  59  5:07  Pylon  
  61  5:13  Probe  
  62  5:16  Pylon  
  62  5:17  Charge (Chrono Boost)  
  62  5:20  Shield Battery, Probe  
  63  5:22  Protoss Ground Weapons Level 1 (Chrono Boost)  
  63  5:25  Probe  
  64  5:33  Probe  
  63  5:36  Observer (Chrono Boost)  
  63  5:37  Probe  
  65  5:45  Probe  
  65  5:48  Sentry  
  65  5:49  Sentry, Stalker x2  
  74  5:53  Probe  
  74  5:54  Probe  
  74  5:55  Immortal (Chrono Boost)  
  76  5:59  Pylon  
  76  6:04  Probe  
  81  6:08  Probe  
  81  6:09  Probe  
  83  6:11  Pylon  
  83  6:12  Zealot x2  
  83  6:13  Zealot x2  
  83  6:16  Probe  
  92  6:19  Gateway  
  92  6:22  Gateway  
  92  6:23  Gateway  
  92  6:26  Gateway  
  92  6:28  Probe  
  92  6:30  Observer  
  94  6:36  Zealot x4  
  101  6:42  Pylon  
  101  6:44  Pylon  
  101  6:54  Shield Battery  
  101  6:56  Pylon  
  101  6:59  Zealot x4  
  109  7:12  Pylon  
  109  7:14  Zealot  
  111  7:16  Gateway  
  111  7:18  Gateway  
  97  7:24  Zealot x7, Protoss Ground Armor Level 1 (Chrono Boost)  
  101  7:38  Stalker  
  101  7:41  Nexus  
  101  7:44  Pylon  
  103  7:45  Robotics Bay  
  103  7:46  Stalker x3  
  109  7:56  Phoenix  
  107  8:01  Probe  
  108  8:13  Photon Cannon  
  108  8:14  Probe  
  108  8:15  Shield Battery, Immortal (Chrono Boost)  
  108  8:18  Probe  
  114  8:22  Pylon  
  114  8:23  Pylon  
  113  8:31  Assimilator  
  113  8:32  Zealot  
  113  8:33  Zealot x9  
  133  8:34  Assimilator  
  133  8:41  Pylon  
  133  8:43  Pylon  
  133  8:44  Pylon  
  133  8:53  Stalker  
  133  8:54  Shield Battery, Zealot x2, Stalker x2  
  143  9:01  Stalker x2  
  137  9:04  Colossus (Chrono Boost)  
  143  9:15  Stalker x3  
  149  9:18  Stalker, Protoss Ground Weapons Level 2 (Chrono Boost)  
  151  9:28  Stalker  
  153  9:36  Robotics Facility  
  145  9:43  Probe x3  
  142  9:48  Colossus (Chrono Boost)  
  142  9:52  Probe (Chrono Boost)  
  150  10:00  Probe x2 (Chrono Boost)  
  150  10:02  Zealot x4  
  150  10:03  Probe (Chrono Boost), Pylon  
  150  10:04  Probe (Chrono Boost)  
  159  10:10  Forge  
  159  10:12  Pylon  
  159  10:15  Photon Cannon  
  159  10:19  Photon Cannon  
  159  10:24  Disruptor (Chrono Boost), Observer  
  162  10:30  Pylon  
  162  10:35  Zealot x7, Sentry  
  178  10:46  Disruptor (Chrono Boost)  
  181  10:54  Observer  
  181  10:59  Zealot x8  
  181  11:00  Observer  
  179  11:08  Stalker x2  
  179  11:10  Disruptor (Chrono Boost)  
  178  11:12  Observer  
  178  11:15  Disruptor (Chrono Boost)  
  181  11:30  Zealot x7  
  195  11:35  Protoss Ground Armor Level 2 (Chrono Boost)  
  195  11:41  Protoss Ground Weapons Level 3 (Chrono Boost)  
  195  11:51  Pylon  
  195  11:52  Pylon  
  195  11:54  Gateway  
  195  11:56  Gateway  
  195  12:01  Assimilator x2  
  195  12:08  Disruptor  
  195  12:10  Disruptor  
  195  12:11  Nexus  
  195  12:12  Pylon  
  195  12:20  Stalker  
  195  12:21  Stalker x2  
  167  12:33  Zealot x5  
  169  12:44  Disruptor (Chrono Boost)  
  169  12:48  Zealot x5  
  182  12:52  Pylon  
  182  12:53  Disruptor (Chrono Boost)  
  182  13:02  Assimilator  
  182  13:13  Photon Cannon  
  182  13:14  Shield Battery, Zealot x4  
  182  13:16  Pylon  
  182  13:18  Zealot x5  
  198  13:38  Dark Shrine  
  198  13:39  Photon Cannon  
  198  13:40  Observer  
  194  14:03  Zealot x3  
  192  14:15  Zealot x9  
  182  14:26  Disruptor x2  
  182  14:29  Stalker x3  
  182  14:31  Protoss Ground Armor Level 3 (Chrono Boost)  
  192  14:32  Assimilator  
  192  14:43  Nexus  
  192  14:44  Protoss Shields Level 1 (Chrono Boost), Pylon  
  192  14:49  Assimilator  
  192  14:52  Nexus  
  192  14:54  Assimilator, Pylon  
  192  14:55  Zealot x4  
  192  14:57  Pylon  
  200  15:06  Pylon  
  200  15:12  Pylon  
  200  15:14  Disruptor x2 (Chrono Boost)  
  196  15:24  Photon Cannon  
  196  15:28  Photon Cannon  
  196  15:31  Photon Cannon  
  196  15:33  Shield Battery  
  196  15:35  Shield Battery  
  196  15:40  Zealot x9  
  182  15:54  Stalker x3  
  136  16:07  Stalker x5  
  136  16:10  Stalker  
  131  16:13  Zealot x3  
  137  16:19  Stalker x3  
  143  16:33  Probe  
  143  16:38  Shield Battery, Photon Cannon  
  143  16:39  Protoss Shields Level 2 (Chrono Boost)  
  147  16:41  Pylon  
  147  16:42  Shadow Stride, Templar Archives  
  147  16:43  Disruptor (Chrono Boost)  
  147  16:45  Dark Templar  
  149  16:51  Sentry x3  
  155  17:02  Disruptor (Chrono Boost)  
  158  17:09  Disruptor (Chrono Boost)  
  158  17:13  Dark Templar x4  
  158  17:14  Zealot x2  
  169  17:17  Stalker  
  169  17:20  Archon x2  
  169  17:23  Zealot x2  
  167  17:35  Zealot x5  
  173  17:43  Zealot x3  
  139  17:52  Zealot  
  139  17:53  Zealot x3  
  133  17:59  Stalker  
  133  18:03  Zealot x2  
  131  18:11  Zealot x3  
  128  18:17  Stalker  
  126  18:37  Stalker x2  
  126  18:39  High Templar  
  126  18:40  High Templar x2  
  131  18:42  High Templar  
  131  18:47  Archon x2  
  131  18:48  Stalker  
Show
View Real Time Build Order
Export as new Build Order

FoxeR Terran - Winner!

Build Orders: Reaper Expand 

Get SALT Encoding   

  12  0:00  SCV  
  13  0:12  SCV  
  14  0:16  Supply Depot  
  14  0:24  SCV  
  15  0:38  SCV  
  15  0:39  Barracks  
  16  0:43  Refinery  
  16  0:50  SCV  
  17  1:02  SCV  
  18  1:14  SCV  
  19  1:27  Reaper, Orbital Command  
  20  1:50  Command Center  
  20  1:53  SCV  
  21  1:59  Marine  
  22  2:05  Bunker  
  22  2:07  Supply Depot  
  22  2:09  SCV  
  23  2:17  Factory  
  23  2:22  Barracks Reactor  
  23  2:28  SCV  
  24  2:40  SCV  
  24  2:41  Refinery  
  25  2:52  SCV  
  26  3:00  Marine x2  
  29  3:07  Hellion, Starport  
  29  3:10  Orbital Command  
  30  3:13  SCV  
  30  3:19  Marine x2  
  32  3:25  SCV  
  34  3:32  Factory Tech Lab  
  34  3:37  SCV x2  
  34  3:40  Marine  
  35  3:49  SCV x2  
  35  3:54  Barracks, Raven  
  39  3:58  Factory Tech Lab  
  39  3:59  Marine x2  
  39  4:01  SCV x2  
  43  4:09  Supply Depot  
  43  4:13  SCV  
  43  4:14  SCV  
  43  4:16  Supply Depot  
  45  4:24  Refinery  
  45  4:25  Engineering Bay, SCV, Marine  
  45  4:26  SCV  
  45  4:31  Siege Tank, Marine  
  50  4:32  Supply Depot  
  50  4:37  SCV  
  51  4:40  SCV  
  51  4:43  Marine  
  53  4:47  Starport Reactor  
  53  4:48  Stimpack, Marauder  
  53  4:49  SCV  
  53  4:52  SCV  
  57  4:55  Barracks  
  57  4:58  Refinery  
  57  5:01  SCV, Marine  
  57  5:04  SCV  
  57  5:06  Siege Tank  
  63  5:13  SCV  
  64  5:17  SCV, Marauder  
  64  5:18  Supply Depot  
  67  5:24  Medivac  
  67  5:26  SCV  
  70  5:40  SCV x2, Marauder, Marine x2  
  70  5:42  Supply Depot, Terran Infantry Weapons Level 1  
  76  5:44  Medivac  
  78  5:54  Supply Depot  
  78  5:55  Factory Tech Lab  
  78  6:03  Medivac, Marine  
  78  6:04  Marauder x2  
  85  6:06  Combat Shield  
  85  6:08  Supply Depot  
  85  6:14  Command Center  
  85  6:18  Marine  
  85  6:21  Marine  
  85  6:23  Medivac  
  85  6:25  Marauder  
  91  6:30  Supply Depot  
  91  6:34  Medivac  
  91  6:38  SCV x2  
  91  6:39  Barracks x2  
  97  6:47  Marauder  
  97  6:48  Marine  
  97  6:49  Marauder  
  97  6:50  SCV  
  97  6:51  SCV  
  97  6:53  Supply Depot  
  102  7:00  Supply Depot x2  
  102  7:02  SCV, Marine  
  102  7:06  SCV  
  107  7:08  Marauder  
  107  7:09  Marine  
  107  7:14  SCV  
  109  7:18  SCV  
  109  7:21  Marine  
  109  7:22  Marauder  
  102  7:26  SCV, Barracks Tech Lab  
  102  7:27  Barracks Reactor, Marine  
  101  7:34  Marauder  
  97  7:41  SCV x2, Orbital Command  
  97  7:43  Marauder  
  101  7:44  Terran Infantry Armor Level 1  
  101  7:53  SCV  
  101  7:54  Factory Reactor  
  101  7:56  Marauder x2  
  104  8:01  Marine x2  
  104  8:04  Sensor Tower  
  104  8:05  Marauder  
  108  8:08  Armory  
  108  8:09  SCV x2  
  108  8:10  Engineering Bay, SCV  
  111  8:13  Marine x2  
  111  8:17  Marauder, Marine  
  111  8:18  Marine  
  117  8:21  SCV x2  
  117  8:24  Concussive Shells  
  119  8:29  Marine x2  
  119  8:30  Command Center  
  119  8:31  SCV  
  119  8:33  SCV  
  123  8:36  Marauder  
  123  8:37  SCV  
  123  8:38  Marauder  
  123  8:41  Marine  
  128  8:47  Marauder  
  131  8:48  Supply Depot  
  131  8:49  Supply Depot  
  131  8:50  Ghost Academy  
  131  8:53  Refinery x2  
  131  8:56  Marine  
  131  8:59  Widow Mine x2  
  132  9:03  Terran Infantry Weapons Level 2  
  132  9:04  SCV x2  
  132  9:07  SCV  
  135  9:12  Marine  
  135  9:16  SCV  
  135  9:17  SCV, Marauder x2  
  138  9:18  Barracks  
  138  9:19  SCV, Barracks  
  138  9:20  Barracks  
  138  9:23  Marauder  
  141  9:25  Missile Turret  
  141  9:26  Sensor Tower  
  141  9:27  Marine  
  141  9:30  Marine x2  
  144  9:37  Marine  
  144  9:38  SCV, Marauder x2  
  147  9:44  Ghost  
  149  9:46  Missile Turret  
  149  9:48  Missile Turret  
  149  9:49  Planetary Fortress  
  149  9:57  Missile Turret  
  149  9:59  Missile Turret  
  151  10:00  Marauder  
  151  10:02  Ghost  
  151  10:03  Marine x2  
  151  10:06  SCV  
  156  10:10  SCV  
  156  10:11  Terran Infantry Armor Level 2  
  156  10:12  Ghost  
  156  10:13  Barracks Reactor, Barracks Tech Lab  
  159  10:16  Barracks Tech Lab  
  159  10:18  SCV x2  
  159  10:19  Ghost  
  159  10:20  Marine, Ghost  
  166  10:22  Widow Mine x2  
  166  10:23  SCV  
  166  10:26  Terran Ship Weapons Level 1  
  171  10:30  SCV  
  171  10:31  Ghost  
  174  10:41  Ghost  
  176  10:47  Marine, Ghost x2  
  171  10:50  Command Center  
  171  10:52  Refinery x2  
  162  11:05  Marauder  
  162  11:07  Marine x2  
  162  11:08  Marauder  
  162  11:09  Marauder  
  165  11:12  Marauder, Marine x2  
  165  11:17  Command Center, Marauder x2  
  173  11:18  Supply Depot  
  173  11:21  Supply Depot  
  173  11:25  Marine x2  
  173  11:27  Marauder  
  173  11:28  Marine  
  173  11:30  Marauder, Marine  
  181  11:35  Missile Turret  
  181  11:36  Marauder  
  181  11:38  Marine, Ghost x2  
  188  11:42  Terran Infantry Weapons Level 3  
  188  11:43  Starport, Marine  
  188  11:46  Fusion Core, Medivac  
  189  11:48  Factory Reactor  
  189  11:52  Medivac  
  191  11:56  Marauder  
  191  11:58  Marauder  
  191  12:00  Supply Depot  
  194  12:04  Command Center  
  194  12:07  Marauder  
  196  12:19  Refinery, Marauder x2  
  196  12:20  Marauder, Marine x2  
  194  12:23  Refinery  
  194  12:25  Marauder  
  182  12:31  Marauder, Marine  
  180  12:43  Marauder, Marine  
  180  12:44  Marauder  
  178  12:46  Viking x2, Marauder  
  178  12:49  Orbital Command  
  178  12:50  Command Center  
  184  12:52  Missile Turret  
  184  12:54  Viking  
  186  12:59  Planetary Fortress  
  186  13:06  Marauder, Marine  
  186  13:10  Medivac  
  193  13:20  Supply Depot  
  193  13:23  Terran Infantry Armor Level 3, Marauder  
  193  13:24  Terran Ship Weapons Level 2  
  195  13:29  Advanced Ballistics  
  195  13:40  Liberator, Command Center  
  198  13:45  Viking x2  
  198  13:47  Orbital Command  
  189  14:04  Marine x2  
  189  14:05  Marauder x3  
  189  14:08  Orbital Command  
  189  14:09  Orbital Command  
  189  14:10  Orbital Command  
  189  14:11  Marauder  
  189  14:15  Liberator, Marauder x2, Marine x2  
  189  14:16  Liberator  
  172  14:22  Marine x2  
  160  14:26  Marauder x3  
  160  14:29  Orbital Command  
  158  14:32  Marine  
  158  14:33  Marauder, Marine  
  158  14:36  Marauder  
  158  14:37  Marauder  
  166  14:40  Marine x2  
  168  14:47  Marauder  
  168  14:48  Marauder x2  
  168  14:50  Marine  
  175  14:54  Viking x2  
  179  15:07  Marauder x2, Marine  
  181  15:09  Marauder  
  180  15:17  Marauder x2, Marine  
  180  15:19  Ghost  
  180  15:20  Marine x2  
  189  15:24  Orbital Command  
  189  15:26  Orbital Command  
  189  15:27  Ghost  
  189  15:28  Liberator, Ghost  
  191  15:29  Liberator  
  197  15:39  Liberator, Marauder x2  
  197  15:42  Marauder, Marine  
  199  15:44  Terran Ship Weapons Level 3  
  199  15:49  Marauder, Marine x2  
  193  15:50  Marine  
  196  15:57  Marauder x2  
  196  16:00  Marauder, Marine x2  
  196  16:03  Marine  
  166  16:07  Marine x2  
  166  16:10  Marauder  
  153  16:13  Marine  
  153  16:17  Marine  
  141  16:18  Marauder x3  
  141  16:21  Marauder  
  141  16:22  Marauder  
  141  16:23  Medivac  
  141  16:24  Medivac x2  
  141  16:25  Marine x2  
  149  16:30  Marine  
  149  16:31  Marauder  
  150  16:32  Orbital Command  
  150  16:34  SCV x3  
  150  16:35  Marine  
  160  16:40  Marauder x3  
  160  16:42  Medivac, Marine x2  
  160  16:43  Marauder  
  166  16:49  Refinery x2  
  166  16:52  Sensor Tower  
  166  16:53  Medivac, Marauder  
  170  16:57  Sensor Tower  
  170  17:00  Ghost x3  
  176  17:02  Liberator x2  
  182  17:11  Liberator, Marauder x2, Marine x2  
  191  17:23  Liberator  
  191  17:25  Starport  
  191  17:28  Factory Reactor  
  194  17:33  Marauder  
  194  17:35  Marauder  
  194  17:36  Marauder  
  193  17:48  Marauder, Marine x3  
  193  17:49  Marauder  
  165  17:59  Marauder, Marine x2  
  165  18:00  Marauder, Marine  
  157  18:06  Liberator, Marine x3  
  157  18:07  Liberator  
  157  18:10  Marauder x2  
  170  18:16  Marine, Orbital Command  
  170  18:17  Marauder  
  170  18:18  Marauder  
  178  18:20  Marine  
  178  18:21  Marine  
  178  18:24  Marine x3  
  183  18:31  Marauder x2  
  187  18:34  Marine  
  187  18:38  Marauder  
  187  18:39  Marauder, Marine  
  195  18:41  Marine  
  195  18:42  Marine x2  
Tags
 
Add a new tag
Caveats
  • Supply blocks, unpowered buildings, or Contaminate may cause inaccurate times.
  • Supply counts are checked every 10 seconds.